 Bloatcrawl 2 version 2.3.0-a0-108-gdc832c1 (webtiles) character file.

Game seed: 17291785708243049803, levelgen mode: deterministic

0 Someone4956 the Disciple of Destruction (level 1, 19/20 HPs)
             Began as a Mayflytaur Blood Knight on Jan 2, 2020.
             Was a Follower of Makhleb.
             Quit the game on level 1 of the Dungeon on Jan 18, 2020.
             The game lasted 00:00:48 (37 turns).

Someone4956 the Disciple of Destruction (MaBK)        Turns: 37, Time: 00:00:48

Health: 19/20      AC:  3    Str: 13    XL:     1   Next: 11%
Magic:  4/4        EV: 11    Int: 13    God:    Makhleb [*.....]
Gold:   0          SH:  0    Dex: 13    Spells: 0/0 levels left Game modifiers: Zombie

rFire    . . .     SeeInvis .   a - +0 hand axe
rCold    + . .     Gourm    .   (no shield)
rNeg     + + +     Faith    .   b - +0 leather armour
rPois    ∞         Spirit   .   (no helmet)
rElec    .         Reflect  .   (no cloak)
rCorr    .         Harm     .   (no gloves)
MR       .....                  (no boots)
Stlth    +.........             (no amulet)
HPRegen  0.06/turn              (no ring)
MPRegen  0.09/turn              (no ring)

@: rotting
A: unbreathing 1, negative energy resistance 3, torment resistance 1, cold
resistance 1, zombie 1, inhibited regeneration 1, big wings, short-lived
a: Fly, Renounce Religion


You were on level 1 of the Dungeon.
You worshipped Makhleb.
Makhleb was aware of your devotion.
You were not hungry.

You visited 1 branch of the dungeon, and saw 1 of its levels.

Inventory:

Hand Weapons
 a - a +0 hand axe (weapon)
Armour
 b - a +0 leather armour (worn)
Potions
 d - 2 potions of might {unknown}
Comestibles
 c - 2 rations


   Skills:
 + Level 2.4 Fighting
 + Level 1.5 Axes
 + Level 3.0 Armour
 + Level 1.5 Dodging
 + Level 4.0 Invocations


You couldn't memorise any spells.
You didn't know any spells.
Your spell library was empty.

Dungeon Overview and Level Annotations

Branches:
Dungeon (1/15)

Altars:


Innate Abilities, Weirdness & Mutations

You are immune to poison.
You can survive without breathing.
You are immune to negative energy. (rN+++)
You are immune to unholy pain and torment.
Your flesh is cold resistant. (rC+)
You hunger for flesh and rot when hungry.
You do not regenerate when monsters are visible.
Your large and strong wings let you fly indefinitely.
You will die on turn 20,000.


Message History

There is an open door here.
A rat comes into view.
You closely miss the rat. The rat bites you but does no damage.
You hit the rat.
The rat is heavily wounded.
The rat bites you.
You completely miss the rat.
The rat is heavily wounded.
The rat bites you. The rat closely misses you.
You hit the rat.
You kill the rat!
Makhleb accepts your kill.
No target in view!
d - 2 golden potions Quiver which item? (- for none, * to show all) (? for menu, Esc to quit)
Okay, then.
Welcome back, Someone4956 the Mayflytaur Blood Knight.
Blood and souls for Makhleb!
Press ? for a list of commands and other information.
Are you sure you want to abandon this character and quit the game? (Confirm with "yes".)

. # .. #
#.#######+###### ...
............... ....
#..............
.....#####..............
.......@......###...####
..............# #...# #
........†.....###.######
###...........'...# #..
#...........###.####'#
#...........# ####..##
#...........# ###'#+#
#............# #..## .
#########+##.###'#+ #


There were no monsters in sight!

Vanquished Creatures
  A rat (D:1)
1 creature vanquished.

Notes
Turn   | Place    | Note
-------+----------+-------------------------------------------
     0 | D:1      | Someone4956 the Mayflytaur Blood Knight began the quest for
                  | the Orb.
     0 | D:1      | Reached XP level 1. HP: 20/20 MP: 4/4
    37 | D:1      | Upgraded the game from 2.2.0-a0-2-g435934a to
                  | 2.3.0-a0-108-gdc832c1
    37 | D:1      | Quit the game

Levels and vault maps discovered:
D:1:      erik_arrival_triangle_medium, layout_basic, serial_glass,
          glass_columns_c, glass_columns_b, chequers_arboretum

Action                   || total
-------------------------++-------
Melee: Hand axe          ||     4
Armor: Leather armour    ||     1
Dodge: Dodged            ||     1

Table legend:
 A = Non-vault XP
 B = Vault XP
 C = Vault XP percentage of total XP
 D = Non-vault monster count
 E = Vault monster count
 F = Vault count percentage of total count
                 A         B        C        D         E       F
            +---------+---------+-------+---------+---------+-------
      Total |       1 |       0 |   0.0 |       1 |       0 |   0.0
            +---------+---------+-------+---------+---------+-------
        D:1 |       1 |       0 |   0.0 |       1 |       0 |   0.0
            +---------+---------+-------+---------+---------+-------
